Map: Abyssal Reef LE

Players

Lambo - Winner!

  • Race: Zerg Zerg
  • Spawn Location: 11:00

NoRegreT

  • Race: Zerg Zerg
  • Spawn Location: 5:00

Event: WCS Montreal 2017

VOD

Have the link to the VOD?

Description

Time

  • Played on: Sept. 8, 2017, 3:50 p.m.
  • Length: 8:56

All games in this series

Show
View Real Time Build Order
Export as new Build Order

Lambo Zerg - Winner!

Build Orders: Pool First, Zergling Baneling 

Get SALT Encoding   

  12  0:01  Drone  
  13  0:13  Overlord  
  13  0:17  Drone  
  14  0:31  Drone x2  
  16  0:42  Spawning Pool  
  15  0:44  Drone  
  15  0:49  Drone  
  17  1:09  Hatchery  
  16  1:12  Drone  
  16  1:15  Extractor  
  16  1:29  Zergling x6  
  19  1:34  Queen  
  21  1:41  Overlord  
  21  1:51  Drone  
  22  2:01  Drone  
  23  2:10  Queen  
  23  2:12  Drone  
  26  2:26  Queen, Baneling Nest  
  26  2:27  Drone  
  28  2:31  Zergling x2  
  29  2:38  Metabolic Boost  
  29  2:41  Zergling x2  
  30  2:46  Zergling x2  
  30  2:51  Zergling x2  
  32  2:58  Zergling x4  
  32  2:59  Zergling x2  
  35  3:09  Zergling x2  
  35  3:11  Baneling x2  
  35  3:12  Baneling  
  36  3:21  Overlord  
  36  3:25  Overlord  
  35  3:31  Baneling x2  
  35  3:37  Overlord  
  36  3:41  Drone x3  
  36  3:47  Drone  
  36  3:48  Drone  
  37  3:53  Baneling x3  
  36  3:56  Zergling x2  
  37  4:04  Drone x3  
  37  4:09  Drone  
  40  4:14  Drone  
  40  4:17  Drone  
  40  4:18  Drone x2  
  40  4:19  Drone  
  40  4:22  Drone  
  45  4:27  Evolution Chamber  
  45  4:29  Drone  
  45  4:30  Drone  
  46  4:33  Drone  
  48  4:38  Drone x2  
  48  4:44  Roach Warren  
  48  4:48  Drone x3  
  51  4:53  Drone x3  
  51  4:57  Zerg Missile Weapons Level 1  
  51  4:58  Extractor  
  53  5:00  Extractor  
  53  5:05  Lair  
  52  5:12  Evolution Chamber  
  51  5:15  Baneling  
  51  5:16  Overlord  
  51  5:18  Overlord, Drone  
  51  5:19  Zergling x4  
  54  5:24  Overlord  
  54  5:28  Drone x4  
  58  5:34  Drone  
  59  5:38  Extractor  
  43  5:47  Drone x4  
  40  5:51  Roach x3  
  47  5:58  Drone  
  47  5:59  Drone  
  48  6:05  Roach  
  48  6:09  Roach  
  51  6:15  Roach  
  48  6:20  Roach x3  
  48  6:23  Drone  
  48  6:24  Queen  
  51  6:34  Drone x3  
  51  6:38  Glial Reconstitution  
  55  6:47  Drone, Hatchery  
  55  6:49  Drone  
  55  6:52  Overseer  
  55  6:55  Drone  
  55  6:58  Overseer  
  55  6:59  Drone  
  55  7:00  Drone  
  58  7:07  Drone x2  
  58  7:08  Drone  
  61  7:10  Overlord  
  61  7:19  Roach x2  
  65  7:24  Roach, Zergling x4  
  71  7:30  Roach  
  71  7:40  Overlord  
  71  7:42  Roach x2  
  76  7:45  Overlord  
  76  7:46  Overlord  
  76  7:50  Overlord  
  75  7:53  Roach x4  
  83  8:02  Roach  
  73  8:10  Drone x4  
  69  8:16  Roach x2  
  73  8:26  Hatchery  
  72  8:30  Roach x2  
  72  8:33  Roach  
  78  8:37  Overlord  
Show
View Real Time Build Order
Export as new Build Order

NoRegreT Zerg 

Build Orders: Pool First, Zergling Baneling 

Get SALT Encoding   

  12  0:00  Drone  
  13  0:13  Overlord  
  13  0:17  Drone  
  14  0:31  Drone x2  
  14  0:34  Extractor  
  15  0:37  Drone  
  16  0:48  Spawning Pool  
  15  0:51  Drone  
  15  0:56  Drone  
  17  1:19  Hatchery  
  16  1:34  Queen  
  16  1:38  Metabolic Boost  
  18  1:42  Zergling x2  
  18  1:46  Zergling x2  
  20  1:50  Zergling x2  
  20  1:54  Zergling x2  
  22  2:02  Baneling Nest  
  21  2:09  Overlord  
  21  2:16  Zergling x2  
  22  2:28  Zergling x2  
  23  2:32  Zergling x2  
  24  2:38  Zergling x2  
  25  2:45  Baneling x2  
  25  2:46  Zergling x2, Baneling  
  25  2:47  Zergling x6  
  29  2:53  Drone  
  29  2:55  Drone  
  31  3:10  Drone x2  
  31  3:13  Baneling  
  31  3:14  Drone, Baneling  
  31  3:15  Drone  
  33  3:21  Drone  
  32  3:30  Zergling x2  
  32  3:32  Zergling x2  
  29  3:46  Drone  
  29  3:48  Zergling x2  
  28  3:51  Baneling  
  28  3:52  Drone  
  28  3:53  Drone x3  
  28  3:54  Drone  
  30  3:57  Zergling x2  
  30  4:02  Zergling x2  
  31  4:07  Drone  
  31  4:08  Drone  
  33  4:13  Queen  
  33  4:16  Baneling  
  35  4:17  Baneling  
  35  4:20  Overlord  
  35  4:31  Queen, Evolution Chamber  
  36  4:41  Zergling x4  
  36  4:42  Zergling x4  
  36  4:43  Zergling x2  
  41  4:48  Zergling x2  
  42  4:54  Zergling x2  
  42  5:00  Overlord  
  42  5:04  Overlord  
  42  5:10  Baneling x6  
  42  5:22  Zergling x2  
  42  5:25  Hatchery, Zergling x2  
  42  5:27  Zergling x2  
  45  5:28  Zergling x2  
  45  5:34  Zergling x4  
  44  5:37  Zergling x2  
  44  5:38  Zergling x2  
  44  5:42  Zergling x2  
  41  5:47  Zergling x2  
  40  5:50  Zergling x2  
  40  5:53  Zerg Melee Weapons Level 1  
  40  5:54  Baneling  
  40  5:56  Zergling x2  
  42  6:02  Baneling  
  40  6:07  Zergling x4  
  41  6:14  Zergling x2  
  38  6:19  Zergling x2  
  38  6:20  Zergling x4  
  38  6:23  Zergling x6  
  38  6:25  Zergling x4  
  42  6:33  Zergling x2  
  42  6:34  Zergling x2  
  42  6:39  Zergling x2  
  45  6:43  Zergling x2  
  45  6:45  Zergling x2  
  45  6:46  Zergling x2  
  45  6:47  Zergling x4  
  49  6:49  Overlord  
  50  6:56  Overlord  
  50  7:08  Overlord, Zergling x2  
  51  7:09  Zergling x10  
  51  7:15  Zergling x4  
  58  7:18  Zergling x2  
  59  7:25  Drone  
  59  7:28  Zergling x2  
  59  7:29  Zergling x4  
  63  7:33  Baneling  
  63  7:34  Baneling x4  
  63  7:37  Zergling x2  
  63  7:38  Zergling x2  
  63  7:42  Zergling x2  
  65  7:44  Zergling x2  
  65  7:47  Zergling x2  
  65  7:49  Zergling x2  
  63  8:03  Zergling x2  
  63  8:04  Zergling x4  
  63  8:05  Zergling x6  
  55  8:07  Zergling x4  
  47  8:13  Zergling x2  
  47  8:16  Zergling x4  
  47  8:19  Baneling x5  
  49  8:20  Baneling  
  49  8:21  Baneling  
  49  8:24  Zergling x2  
  50  8:28  Zergling x2  
  50  8:31  Zergling x2  
  52  8:35  Zergling x2  
  52  8:37  Zergling x4  
Tags
 
Add a new tag
Caveats
  • Supply blocks, unpowered buildings, or Contaminate may cause inaccurate times.
  • Supply counts are checked every 10 seconds.